cohdb
Replays
Latest Replays
All Replays
Popular Replays
Top Player Replays
Match Explorer
How It Works
Community
CoH3 Stats
Reddit
Sign in to upload your games and track your stats! →
Sign in with Steam
Match 43714198
Unlisted
Match 43714198
Overview
Messages
Build Orders
End
Panzergrenadier Squad
Panzergrenadier Squad
250 Light Carrier
Construct Light Support Kompanie
Combat Half-tracks
2.5-tonne Medical Truck
Fire Support Elements
Selects Battlefield Espionage Battlegroup
Selects Intel Disruption Beacon
2.5-tonne Medical Truck
Pak 38 Mechanized Group
Selects Plunder
Veteran Squad Leaders
Construct Panzerarmee Kommand
Selects Firestorm
Walking Stuka Rocket Launcher
Construct Mechanized Kompanie
Emergency Repair Kits
254 Reconnaissance Tractor
Firestorm
Selects 250/3 Funkpanzerwagen
Armored Reserves
Vehicle Survival Package
Selects Advanced Ambush Training
Selects Operation Skorpion
Tiger Heavy Tank
Rapid Advance
Firestorm
Firestorm
蟑螂恶霸
Larry
Victor
hogarthw
godsarmylds
[TRTL]LittleDADDY96
BMO COLOR
MacaDaneO
0
0
Comments
sign in to comment!
No comments posted yet!